 Dungeon Crawl Stone Soup version 0.30.0 (webtiles) character file.

Game seed: 9679930973390665793

1732 Hrothgar the Ruffian (level 8, -4/74 HPs)
             Began as a Troll Gladiator on May 6, 2023.
             Was a Priest of Ru.
             Slain by a killer bee (5 damage)
             ... on level 7 of the Dungeon.
             The game lasted 00:18:26 (5391 turns).

Hrothgar the Ruffian (Troll Gladiator)              Turns: 5391, Time: 00:18:26

Health: -4/74      AC:  4    Str: 23    XL:     8   Next: 76%
Magic:  9/9        EV: 11    Int:  6    God:    Ru [***...]
Gold:   304        SH:  0    Dex: 11    Spells: 0/10 levels left

rFire   + .          .
                       - Unarmed
rCold   . . .        (shield unavailable)
rNeg    . . .        a - +0 robe
rPois   .            b - +0 hat
rElec   .            (no cloak)
rCorr   .            (gloves unavailable)
SInv    .            (boots unavailable)
Will    .....        e - amulet of faith
Stlth   ++           (ring unavailable)
HPRegen 1.12/turn    g - ring of protection from fire
MPRegen 0.11/turn

%: faith
@: lethally poisoned (-4 -> -4), about to teleport, studying Stealth
A: large, unfitting armour, claws 3, regeneration 1, shaggy fur 1, tough skin 1,
missing a hand
a: Renounce Religion, Draw Out Power


You were on level 7 of the Dungeon.
You worshipped Ru.
Ru was most pleased with you.
You visited 2 branches of the dungeon, and saw 8 of its levels.

You collected 304 gold pieces.

Inventory:

Hand Weapons
 j - a +2 hand axe of flaming
Missiles
 d - a large rock
 m - 5 javelins (quivered)
Armour
 a - a +0 robe (worn)
 b - a +0 hat (worn)
Jewellery
 e - an amulet of faith (around neck)
 f - a +4 ring of protection
 g - a ring of protection from fire (right claw)
Wands
 k - a wand of paralysis (15)
Scrolls
 c - a scroll of amnesia
 l - 2 scrolls of teleportation
 p - a scroll of silence
 r - a scroll of enchant armour {unknown}
 s - a scroll of vulnerability
 t - a scroll of magic mapping
 u - a scroll of fog {unknown}
 v - a scroll of immolation {unknown}
 y - a scroll of fear {unknown}
Potions
 h - 3 potions of brilliance {unknown}
 i - a potion of attraction
 n - a potion of degeneration {unknown}
 o - a potion of flight {unknown}
 q - a potion of heal wounds
 x - a potion of haste {unknown}
 z - a potion of magic {unknown}


   Skills:
 * Level 2.8 Fighting
 * Level 1.9 Axes
 * Level 3.2 Throwing
 * Level 2.2 Armour
 * Level 4.7 Dodging
 * Level 1.8 Stealth
 * Level 5.5 Unarmed Combat
 * Level 1.6 Spellcasting
 * Level 1.7 Conjurations
 * Level 0.8 Summonings
 * Level 0.8 Translocations
 * Level 1.7 Air Magic
 * Level 0.7 Poison Magic
 * Level 1.0 Evocations


You couldn't memorise any spells.
You knew the following spells:

 Your Spells              Type           Power      Damage    Failure   Level
a - Static Discharge      Conj/Air       4%         2-3/arc   32%         2
b - Momentum Strike       Conj/Tloc      4%         3d8       36%         2
c - Mephitic Cloud        Conj/Pois/Air  2%         N/A       58%         3
d - Call Imp              Summ           2%         N/A       43%         2
e - Kiss of Death         Conj/Necr      4%         2d5       30%         1

Your spell library contained the following spells:

 Spells                   Type           Power      Damage    Failure   Level
 Magic Dart               Conj           8%         1d3       22%         1
 Summon Small Mammal      Summ           4%         N/A       30%         1
 Slow                     Hex            0%         N/A       38%         1
 Cigotuvi's Dreadful Rot  Necr/Pois/Air  2%         N/A       41%         2
 Blink                    Tloc           2%         N/A       43%         2
 Lesser Beckoning         Tloc           2%         N/A       43%         2
 Call Canine Familiar     Summ           1%         N/A       67%         3
 Summon Guardian Golem    Hex/Summ       0%         N/A       73%         3
 Ignite Poison            Fire/Tmut/Pois 0%         N/A       75%         3
 Confusing Touch          Hex            0%         N/A       77%         3
 Vampiric Draining        Necr           0%         2d6       77%         3
 Airstrike                Air            1%         2d(1-17)  91%         4
 Summon Lightning Spire   Summ/Air       2%         N/A       94%         4
 Dispel Undead            Necr           0%         3d6       99%         4
 Freezing Cloud           Conj/Ice/Air   0%         6-21      100%        5


Dungeon Overview and Level Annotations

Branches:
Dungeon (7/15)             Temple (1/1) D:4

Altars:
Ashenzari
Cheibriados
Dithmenos
Elyvilon
Fedhas
Kikubaaqudgha
Okawaru
Qazlal
Ru
Sif Muna
Vehumet
Wu Jian
Xom
Yredelemnul
Zin

Shops:
D:6 [


Innate Abilities, Weirdness & Mutations

You are too large for most types of armour.
You have claws for hands.
Your natural rate of healing is unusually fast.
You are covered in fur. (AC +1)
You have tough skin. (AC +1)
You are missing a hand.


Message History

You are more poisoned.
The killer bee poisons you! The killer bee barely misses you.
The killer bee stings you!
You are more poisoned.
The killer bee poisons you!
You feel much better.
You feel extremely sick. The killer bee misses you. The killer bee stings you!
The killer bee closely misses you. x2; The killer bee misses you.
The killer bee barely misses you.
* * * LOW HITPOINT WARNING * * *
You feel extremely sick. The killer bee barely misses you.
The killer bee stings you.
* * * LOW HITPOINT WARNING * * *
You are more poisoned.
The killer bee poisons you!
You redirect the killer bee's attack!
The killer bee closely misses the killer bee.
You feel better.
The killer bee stings you but does no damage. x2
The killer bee completely misses you. The hound bites you.
* * * LOW HITPOINT WARNING * * *
The killer bee stings you.
* * * LOW HITPOINT WARNING * * *
The killer bee stings you but does no damage.
The killer bee stings you.
* * * LOW HITPOINT WARNING * * *
You are poisoned.
The killer bee poisons you!
As you read the scroll of teleportation, it crumbles to dust.
You feel strangely unstable.
You feel sick. The killer bee closely misses you. The killer bee stings you.
* * * LOW HITPOINT WARNING * * *
The hound barely misses you. The killer bee closely misses you. x2
The hound bites you.
* * * LOW HITPOINT WARNING * * *
The killer bee stings you!
* * * LOW HITPOINT WARNING * * *
The killer bee stings you.
You die...

............#
.##..<.......<...###
..#........y.......
#...............#
#..............# ##
#..............##...
#.............#...#
#..yhy.........# ##
#.<.@y.......###
#####y......##
###..#### ##.##
############..#
#..........#.##
#..........#.#
###########.## ###


You could see a hound and 5 killer bees.

Vanquished Creatures
  Grinder (D:5)
  Eustachio (D:5)
  Duvessa (D:5)
  A black bear (D:6)
  A phantom (D:5)
  3 centaurs
  2 scorpions
  2 bullfrogs (D:6)
  Dowan (D:5)
  A howler monkey (D:4)
  2 hounds (D:6)
  3 jellies
  5 iguanas
  A sleepcap (D:6)
  8 gnolls
  9 adders
  2 shadow imps
  A white imp (D:5)
  A worm (D:3)
  A dart slug (D:4)
  8 orcs
  6 bats
  9 endoplasms
  6 giant cockroaches
  4 goblins
  4 hobgoblins
  7 jackals (D:3)
  7 kobolds
  5 quokkas
  7 ball pythons
  3 frilled lizards (D:3)
  6 rats
119 creatures vanquished.

Notes
Turn   | Place    | Note
-------+----------+-------------------------------------------
     0 | D:1      | Hrothgar the Troll Gladiator began the quest for the Orb.
     0 | D:1      | Reached XP level 1. HP: 19/19 MP: 0/0
    91 | D:1      | Found Bafovvus's Jewellery Shop.
   228 | D:1      | Reached XP level 2. HP: 27/27 MP: 1/1
   409 | D:4      | Reached XP level 3. HP: 29/35 MP: 2/2
   412 | D:4      | Learned a level 2 spell: Static Discharge
   577 | D:4      | Reached XP level 4. HP: 8/42 MP: 3/3
   587 | D:4      | HP: 2/42 [gnoll/+0 whip (6)]
   616 | D:5      | Entered Level 5 of the Dungeon
   617 | D:5      | Noticed Eustachio
   622 | D:5      | Noticed a scorpion
   648 | D:5      | HP: 3/63 [scorpion (4)]
   650 | D:5      | Killed a scorpion
   651 | D:5      | Reached skill level 4 in Unarmed Combat
   651 | D:5      | Reached XP level 5. HP: 6/49 MP: 4/4
   653 | D:5      | Killed Eustachio
   654 | D:5      | Reached skill level 1 in Armour
   654 | D:5      | Reached XP level 6. HP: 11/57 MP: 5/5
   733 | D:5      | Noticed Dowan
   733 | D:5      | Noticed Duvessa
   735 | D:5      | Killed Duvessa
   755 | D:5      | Killed Dowan
   801 | D:5      | Noticed Grinder
   805 | D:5      | Paralysed by Grinder for 5 turns
   814 | D:5      | Killed Grinder
   815 | D:5      | Reached skill level 1 in Stealth
   815 | D:5      | Reached skill level 1 in Conjurations
   815 | D:5      | Reached XP level 7. HP: 14/65 MP: 7/7
   817 | D:5      | Reached skill level 5 in Unarmed Combat
   817 | D:5      | Reached skill level 1 in Air Magic
   900 | D:5      | Reached skill level 1 in Spellcasting
   919 | D:4      | Found a staircase to the Ecumenical Temple.
   935 | Temple   | Entered the Ecumenical Temple
  2059 | D:5      | Found a blossoming altar of Fedhas.
  2060 | D:5      | Found a white marble altar of Elyvilon.
  2060 | D:5      | Found a stormy altar of Qazlal.
  2062 | D:5      | Found a snail-covered altar of Cheibriados.
  2064 | D:5      | Found an ornate altar of the Wu Jian Council.
  2065 | D:5      | Found a radiant altar of Vehumet.
  2065 | D:5      | Found a sacrificial altar of Ru.
  2066 | D:5      | Found a basalt altar of Yredelemnul.
  2084 | D:5      | Reached XP level 8. HP: 49/74 MP: 0/8
  2102 | D:5      | Became a worshipper of Ru the Awakened
  2502 | D:3      | You fall into a shaft and drop 2 floors!
  2670 | D:3      | Learned a level 2 spell: Momentum Strike
  3297 | D:2      | Gained mutation: You are missing a hand. [Ru sacrifice]
  3297 | D:2      | Reached * piety under Ru
  3297 | D:2      | Reached ** piety under Ru
  3297 | D:2      | Reached *** piety under Ru
  3903 | D:1      | Learned a level 3 spell: Mephitic Cloud
  3906 | D:1      | Learned a level 2 spell: Call Imp
  4471 | D:6      | Reached skill level 1 in Axes
  4853 | D:6      | Found Naahym's Armour Boutique.
  5150 | D:6      | Reached skill level 1 in Evocations
  5195 | D:6      | Learned a level 1 spell: Kiss of Death
  5391 | D:7      | HP: 1/74 [killer bee (8)]
  5391 | D:7      | Slain by a killer bee

Illustrated notes

Levels and vault maps discovered:
D:1:      zelgadis_glass_arrival_small, layout_loops_ring, serial_shops, shop,
          item_on_display_a
D:2:      layout_loops_ring
D:3:      layout_basic
D:4:      layout_basic, minmay_temple_entry_statues
D:5:      layout_cave_pools, grunt_temple_overflow_open, uniq_eustachio,
          uniq_grinder, uniq_duvessa
D:6:      layout_gridville, serial_shops, shop, minmay_manual_mares
D:7:      hellmonk_crumbling_castle, layout_cave_pods, palyth_stone_intersect,
          kennysheep_generic_room_9
Temple:   nicolae_temple_superstar

Skill      XL: |  1  2  3  4  5  6  7  8 |
---------------+-------------------------+-----
Throwing       | 2 3 |  3.2
Dodging        | 3 4 |  4.7
Unarmed Combat | 4 5 |  5.5
Fighting       | 2 |  2.8
Armour         | 1 2 |  2.2
Stealth        | 1 |  1.8
Conjurations   | 1 |  1.7
Air Magic      | 1 |  1.7
Spellcasting   | 1 |  1.6
Axes           | 1 |  1.9
Evocations     | 1 |  1.0
Summonings     | |  0.8
Translocations | |  0.8
Poison Magic   | |  0.7

Action                     |  1- 3 |  4- 6 |  7- 9 || total
---------------------------+-------+-------+-------++-------
  Melee: Unarmed           |    50 |    41 |    14 ||   105
         Punch             |     1 |     3 |     3 ||     7
         Hand axe          |       |       |   173 ||   173
  Throw: Throwing net      |       |     4 |       ||     4
         Large rock        |       |     3 |     3 ||     6
         Javelin           |       |       |     6 ||     6
   Cast: Static Discharge  |       |       |    42 ||    42
         Momentum Strike   |       |       |     3 ||     3
 Invoke: Sacrifice a Hand  |       |       |     1 ||     1
  Evoke: Wand              |       |       |     3 ||     3
    Use: Scroll            |     5 |       |     7 ||    12
         Potion            |       |     3 |     3 ||     6
   Stab: Sleeping          |     2 |       |     4 ||     6
         Held in net/web   |       |     2 |       ||     2
         Paralysed         |       |       |     8 ||     8
         Distracted        |       |       |     1 ||     1
 Armour: Robe              |    16 |    12 |    97 ||   125
         Skin              |       |    86 |       ||    86
  Dodge: Dodged            |    23 |    36 |   218 ||   277
